 Dungeon Crawl Stone Soup version 0.31.0-32-g396128a36d (webtiles) character file.

Game seed: 4353747615334346441

133 dorian the Cutter (level 5, -14/28 HPs)
             Began as a Vine Stalker Fighter on Mar 15, 2024.
             Blown up by Ijyb (18 damage)
             ... with a mindburst bolt
             ... on level 3 of the Dungeon.
             The game lasted 00:03:14 (1335 turns).

dorian the Cutter (Vine Stalker Fighter)            Turns: 1335, Time: 00:03:14

Health: -14/28     AC:  8    Str: 18    XL:     5   Next: 16%
Magic:  0/6        EV:  9    Int:  8    God:
Gold:   170        SH:  5    Dex: 16    Spells: 4/4 levels left

rFire   . . .        a - +0 rapier
rCold   . . .        c - +0 buckler
rNeg    . . .        b - +0 scale mail
rPois   .            (no helmet)
rElec   .            (no cloak)
rCorr   .            h - +0 pair of gloves
SInv    .            j - +0 pair of boots
Will    .....        k - amulet of magic regeneration Stlth
                     (no ring)
HPRegen 1.04/turn    (no ring)
MPRegen 0.50/turn

%: guardian spirit
@: no status effects
A: fangs 2, regeneration 1, magic shield, antimagic bite, no potion heal 2
a: no special abilities


You were on level 3 of the Dungeon.
You visited 1 branch of the dungeon, and saw 3 of its levels.

You collected 170 gold pieces.

Inventory:

Hand Weapons
 a - a +0 rapier (weapon)
Missiles
 l - 4 poisoned darts (quivered)
Armour
 b - a +0 scale mail (worn)
 c - a +0 buckler (worn)
 h - a +0 pair of gloves (worn)
 j - a +0 pair of boots (worn)
Jewellery
 k - an amulet of magic regeneration (around neck)
Potions
 d - 3 potions of might
 e - a potion of brilliance {unknown}
 f - 2 potions of curing {unknown}
 g - 3 potions of lignification {unknown}
 i - a potion of degeneration {unknown}


   Skills:
 + Level 3.4 Fighting
 * Level 3.5 Short Blades
 - Level 2.4 Armour
 + Level 3.4 Shields


You had 4 spell levels left.
You didn't know any spells.
Your spell library contained the following spells:

 Spells                   Type           Power      Damage    Failure   Level
 Summon Small Mammal      Summ           0%         N/A       87%         1
 Ensorcelled Hibernation  Hex/Ice        0%         N/A       95%         2
 Call Canine Familiar     Summ           0%         N/A       99%         3
 Passwall                 Erth           0%         N/A       99%         3
 Swiftness                Air            0%         N/A       99%         3
 Summon Blazeheart Golem  Fire/Summ      0%         N/A       100%        4


Dungeon Overview and Level Annotations

Branches:
Dungeon (3/15) Zot: 16647

Altars:
Elyvilon

Annotations:
D:3 Ijyb


Innate Abilities, Weirdness & Mutations

You have extremely sharp teeth.
Your natural rate of healing is unusually fast.
When hurt, damage is shared between your health and your magic reserves.
Your bite disrupts and absorbs the magic of your enemies.
Potions cannot restore your health.


Message History

You hit Ijyb. Your bite misses Ijyb.
Ijyb is severely wounded.
Ijyb hits you but does no damage.
You completely miss Ijyb. You bite Ijyb. You drain her power.
Ijyb is severely wounded.
Ijyb hits you but does no damage.
You hit Ijyb. You bite Ijyb, but do no damage.
Ijyb is severely wounded.
Ijyb closely misses you.
You hit Ijyb but do no damage. Your bite misses Ijyb.
Ijyb is severely wounded.
Ijyb zaps a wand.
You struggle to resist.
You hit Ijyb but do no damage. You bite Ijyb, but do no damage.
Ijyb is severely wounded.
Ijyb zaps a wand.
Your mind is blasted!
You hit Ijyb but do no damage. Your bite misses Ijyb.
Ijyb is severely wounded.
Ijyb hits you with a +0 dagger.
You hit Ijyb. You bite Ijyb, but do no damage.
Ijyb is almost dead.
Ijyb zaps a wand.
Your mind is blasted!
You hit Ijyb but do no damage.
Ijyb is almost dead.
Ijyb hits you with a +0 dagger. You block Ijyb's attack.
You barely miss Ijyb. Your bite misses Ijyb.
Ijyb is almost dead.
Ijyb hits you but does no damage.
You hit Ijyb but do no damage. You bite Ijyb, but do no damage.
Ijyb is almost dead.
Ijyb zaps a wand.
Your mind is blasted!
* * * LOW HITPOINT WARNING * * *
You closely miss Ijyb. You bite Ijyb, but do no damage.
Ijyb is almost dead.
Ijyb hits you with a +0 dagger.
* * * LOW HITPOINT WARNING * * *
You closely miss Ijyb. You bite Ijyb, but do no damage.
Ijyb is almost dead.
Ijyb zaps a wand.
Your mind is blasted!
Ouch! That really hurt!
You die...

...#
#.###............#
...#
##.#.........#....#
...###....######....##
...#...####♣♣♣♣###...#
...#.###
♣♣....♣♣###.## ...#.#
........♣♣#..# ##...#
.........♣##.## #....#
..........♣#..# #....#
......g@..♣##.# #....#
_..♣♣♣♣♣♣..♣#.# #....♣
#♣..#.# #..#.. #♣...#
#..#♣.. #...# #..# ♣..
#...# #..## #..# #..#


You could see Ijyb.

Vanquished Creatures
  Natasha (twice) (D:3)
  4 adders (D:2)
  A dart slug (D:2)
  A ribbon worm (D:2)
  6 endoplasms
  3 goblins (D:1)
  3 hobgoblins
  2 quokkas (D:1)
  4 ball pythons
  6 bats
  5 frilled lizards
  6 kobolds
  4 rats
47 creatures vanquished.

Notes
Turn   | Place    | Note
-------+----------+-------------------------------------------
     0 | D:1      | dorian the Vine Stalker Fighter began the quest for the
                  | Orb.
     0 | D:1      | Reached XP level 1. HP: 11/11 MP: 2/2
    58 | D:1      | Reached XP level 2. HP: 16/16 MP: 3/3
   430 | D:1      | Reached XP level 3. HP: 18/19 MP: 4/4
   833 | D:2      | Reached XP level 4. HP: 23/24 MP: 5/5
  1206 | D:3      | Noticed Natasha
  1210 | D:3      | Killed Natasha
  1223 | D:3      | Noticed Natasha
  1247 | D:3      | Killed Natasha
  1248 | D:3      | Reached XP level 5. HP: 28/28 MP: 6/6
  1308 | D:3      | Noticed Ijyb
  1312 | D:3      | Found a white marble altar of Elyvilon.
  1335 | D:3      | Blown up by Ijyb

Illustrated notes

Levels and vault maps discovered:
D:1:      tarquinn_simple_flora_water_c, layout_rooms, grunt_decor_resistance
D:2:      layout_rooms, kennysheep_generic_room_15
D:3:      layout_basic, kennysheep_ying_yang, lemuel_round_altar,
          hellmonk_ecumenical_altar_pennies_from_heaven, uniq_natasha, uniq_ijyb

Skill      XL: |  1  2  3 |
---------------+----------+-----
Short Blades   | 2 3 |  3.5
Shields        | 3 |  3.4
Fighting       | 3 |  3.4
Armour         | |  2.4

Action                     |  1- 3 |  4- 6 || total
---------------------------+-------+-------++-------
  Melee: Rapier            |    96 |    73 ||   169
         Bite              |    26 |    17 ||    43
    Use: Scroll            |     1 |     1 ||     2
 Armour: Scale mail        |    56 |    36 ||    92
  Dodge: Dodged            |    28 |    23 ||    51
  Block: Buckler           |    18 |    14 ||    32
